 Dungeon Crawl Stone Soup version 0.22.1-1-ga44c0e56f4 (webtiles) character file.

2044 Jynx the Transmogrifier (level 9, -9/74 HPs)
             Began as an Octopode Transmuter on Nov 5, 2018.
             Was an Initiate of Ashenzari.
             Mangled by an orc warrior
             ... wielding a cursed -3 halberd
              (17 damage)
             ... on level 6 of the Dungeon.
             The game lasted 00:18:30 (8630 turns).

Jynx the Transmogrifier (Octopode Transmuter)       Turns: 8630, Time: 00:18:30

Health: -9/74      AC:  6    Str:  9    XL:     9   Next: 24%
Magic:  11/17      EV: 10    Int: 15    God:    Ashenzari [......]
Gold:   366        SH:  0    Dex: 16    Spells: 3/18 levels left

rFire    x . .     SeeInvis +     - Unarmed
rCold    + + +     Gourm    .   (shield currently unavailable)
rNeg     . . .     Faith    .   (helmet currently unavailable)
rPois    +         Spirit   .   d - amulet of the acrobat (curse)
rElec    .         Reflect  .   r - ring of see invisible (curse)
rCorr    .         Harm     .   (no ring)
MR       .....                  (no ring)
Stlth    +.........             (no ring)
HPRegen  0.22/turn              (no ring)
MPRegen  0.15/turn              (no ring)
                                (no ring)
                                (no ring)

@: ice-form, very slightly contaminated
A: large, almost no armour, stealthy swim, amphibious, 8 rings, (constrict 8)
a: End Transformation, Curse Item, Renounce Religion


You were on level 6 of the Dungeon.
You worshipped Ashenzari.
Ashenzari was noncommittal.
You were not hungry.
You were a creature of crystalline ice.
You visited 2 branches of the dungeon, and saw 7 of its levels.

You collected 366 gold pieces.

Inventory:

Missiles
 a - 70 arrows
Jewellery
 d - a cursed amulet of the acrobat (around neck)
 r - a cursed ring of see invisible (left front paw)
Wands
 h - a wand of iceblast (8)
 l - a wand of digging (9)
 p - a wand of random effects (31)
 q - a wand of scattershot (5)
Scrolls
 i - a scroll of remove curse
 o - a scroll of magic mapping
 s - a scroll of random uselessness {unknown}
Potions
 b - 5 potions of curing
 e - a potion of degeneration {unknown}
 f - 2 potions of lignification {unknown}
 g - 2 potions of cancellation {unknown}
 j - 2 potions of heal wounds {unknown}
 k - a potion of flight {unknown}
 m - 3 potions of brilliance {unknown}
 n - a potion of mutation {unknown}
Comestibles
 c - 7 rations


   Skills:
 + Level 6.0 Fighting
 - Level 2.0 Dodging
 - Level 3.0 Unarmed Combat
 - Level 5.3 Spellcasting
 + Level 8.5 Transmutations
 + Level 2.0 Ice Magic


You had 3 spell levels left.
You knew the following spells:

 Your Spells              Type           Power        Failure   Level  Hunger
a - Beastly Appendage     Tmut           ####..       1%          1    None
b - Sticks to Snakes      Tmut           ####....     1%          2    #......
c - Spider Form           Tmut/Pois      ###.......   9%          3    ###....
d - Ice Form              Ice/Tmut       ###.....     19%         4    ####...
e - Blade Hands           Tmut           ####......   13%         5    ######.

Your spell library contained the following spells:

 Spells                   Type           Power        Failure   Level  Hunger


Dungeon Overview and Level Annotations

Branches:
Dungeon (6/15)             Temple (1/1) D:4

Altars:
Ashenzari
Cheibriados
Dithmenos
Fedhas
Gozag
Hepliaklqana
Nemelex Xobeh
Qazlal
Ru
Uskayaw
Wu Jian
Xom
Yredelemnul
Zin
Beogh


Innate Abilities, Weirdness & Mutations

You cannot wear most types of armour.
You are very stealthy in the water. (Stealth+)
You are amphibious.
You can wear up to eight rings at the same time.
((You can use your tentacles to constrict eight enemies at once.))
((Your skin changes colour to match your surroundings (Stealth+).))
((Your rubbery body absorbs attacks. (AC +1, EV +1)))


Message History

The orc warrior hits you but does no damage.
You hit the orc warrior but do no damage.
The orc warrior is heavily wounded.
The orc warrior hits you with a halberd!
You barely miss the orc warrior.
The orc warrior is heavily wounded.
The orc warrior closely misses you.
You closely miss the orc warrior.
The orc warrior is heavily wounded.
You hit the orc warrior but do no damage.
The orc warrior is heavily wounded.
The orc warrior barely misses you.
You closely miss the orc warrior.
The orc warrior is heavily wounded.
The orc warrior hits you with a halberd!
* * * LOW HITPOINT WARNING * * *
You hit the orc warrior but do no damage.
The orc warrior is heavily wounded.
The orc warrior hits you with a halberd!
You die...

##+## #.#.###.#
#.......##
#.#.##...##
#.#.##....###
#...........#
#........≈..#
###.....≈.≈≈#
#######...≈≈≈≈≈≈#
#.oooY)....≈'####
....#####..≈≈≈#≈≈≈#
# ##.≈≈≈+≈.≈#
#..≈≈#≈≈≈#
##########


You could see an orc warrior and 2 orcs.

Vanquished Creatures
  Sigmund (D:4)
  2 sky beasts (D:6)
  An orc warrior (D:6)
  A necrophage (D:6)
  3 ogres
  A centaur (D:6)
  Blork the orc (D:5)
  A bullfrog (D:6)
  2 scorpions
  A howler monkey (D:4)
  4 crimson imps
  A bullfrog zombie (D:6)
  A centaur zombie (D:6)
  2 orc priests (D:3)
  2 gnoll shamans
  A hound (D:4)
  A centaur skeleton (D:4)
  6 worker ants
  2 iguanas
  An orc wizard (D:3)
  A hound skeleton (D:5)
  A worker ant zombie (D:6)
  Robin (D:4)
  4 adders
  12 gnolls
  3 shadow imps
  An ooze (D:1)
  An adder zombie (D:5)
  2 worms
  18 orcs
  A ball python (D:1)
  3 giant cockroaches
  21 goblins
  15 hobgoblins
  5 quokkas
  8 bats
  7 frilled lizards
  5 kobolds
  A quokka skeleton (D:4)
  4 rats
149 creatures vanquished.

Notes
Turn   | Place    | Note
-------+----------+-------------------------------------------
     0 | D:1      | Jynx the Octopode Transmuter began the quest for the Orb.
     0 | D:1      | Reached XP level 1. HP: 13/13 MP: 3/3
   136 | D:1      | Reached XP level 2. HP: 18/18 MP: 3/5
   626 | D:1      | Reached XP level 3. HP: 3/23 MP: 6/6
  1446 | D:1      | Reached skill level 3 in Transmutations
  1699 | D:1      | Learned a level 2 spell: Sticks to Snakes
  1703 | D:1      | Learned a level 3 spell: Spider Form
  2040 | D:2      | Found a faded altar of an unknown god.
  2056 | D:2      | Reached XP level 4. HP: 25/29 MP: 5/7
  2815 | D:3      | Reached XP level 5. HP: 23/34 MP: 7/9
  3119 | D:3      | Found a roughly hewn altar of Beogh.
  3143 | D:3      | Reached skill level 4 in Transmutations
  3851 | D:2      | Learned a level 4 spell: Ice Form
  3854 | D:3      | Reached XP level 6. HP: 41/41 MP: 5/10
  4208 | D:4      | Noticed Sigmund
  4221 | D:4      | Killed Sigmund
  4221 | D:4      | Reached skill level 5 in Transmutations
  4394 | D:4      | Reached XP level 7. HP: 38/46 MP: 10/12
  5112 | D:4      | Reached skill level 6 in Transmutations
  5216 | D:4      | Noticed Robin
  5225 | D:4      | Killed Robin
  5631 | D:4      | Found a staircase to the Ecumenical Temple.
  5642 | Temple   | Entered the Ecumenical Temple
  5694 | Temple   | Became a worshipper of Ashenzari the Shackled
  6047 | D:5      | Entered Level 5 of the Dungeon
  6078 | D:5      | Found a hide-covered altar of Uskayaw.
  6080 | D:5      | Found an opulent altar of Gozag.
  6085 | D:5      | Found a sparkling altar of Nemelex Xobeh.
  6142 | D:5      | Reached XP level 8. HP: 46/54 MP: 9/14
  6245 | D:5      | Noticed Blork the orc
  6255 | D:5      | Killed Blork the orc
  6294 | D:5      | Found a shimmering altar of Xom.
  6850 | D:5      | Found a shimmering altar of Xom.
  6856 | D:5      | Reached skill level 7 in Transmutations
  7196 | D:6      | Reached skill level 5 in Fighting
  7200 | D:6      | Reached skill level 5 in Spellcasting
  7692 | D:6      | Reached skill level 8 in Transmutations
  7692 | D:6      | Reached XP level 9. HP: 43/61 MP: 8/17
  7827 | D:6      | Learned a level 5 spell: Blade Hands
  8030 | D:6      | Reached skill level 1 in Ice Magic
  8630 | D:6      | Mangled by an orc warrior

Skill      XL: |  1  2  3  4  5  6  7  8  9 |
---------------+----------------------------+-----
Transmutations | 3 4 5 6 8 |  8.5
Fighting       | 2 3 4 5 6 |  6.0
Spellcasting   | 3 4 5 |  5.3
Ice Magic      | 2 |  2.0
Dodging        | |  2.0
Unarmed Combat | |  3.0

Action                   |  1- 3 |  4- 6 |  7- 9 || total
-------------------------+-------+-------+-------++-------
Melee: Unarmed           |    77 |   108 |   279 ||   464
       Kick              |    19 |    26 |    37 ||    82
       Tentacles         |    10 |    19 |    26 ||    55
       Constrict         |    21 |    27 |    24 ||    72
       Punch             |       |       |     1 ||     1
 Cast: Beastly Appendage |    19 |    21 |    18 ||    58
       Ice Form          |       |     1 |    17 ||    18
       Spider Form       |       |     1 |     6 ||     7
Invok: Curse Item        |       |       |     2 ||     2
  Use: Scroll            |     2 |     2 |       ||     4
 Stab: Sleeping          |     6 |     5 |     3 ||    14
  Eat: Chunk             |     4 |     6 |     7 ||    17
       Ration            |       |       |     4 ||     4
Armor: Skin              |     4 |     2 |    24 ||    30
Dodge: Dodged            |    52 |    75 |   174 ||   301
